 Dungeon Crawl Stone Soup version 0.27-a0-215-g68775813e2 (webtiles) character file.

Game seed: 14910026507449279592

5353 EnegeticOcto the Spear-Bearer (level 10, -9/107 HPs)
             Began as an Ogre Monk on Jan 31, 2021.
             Was an Elder of Okawaru.
             Mangled by a two-headed ogre
             ... wielding a +0 giant spiked club
              (20 damage)
             ... on level 10 of the Dungeon.
             The game lasted 00:17:39 (14313 turns).

EnegeticOcto the Spear-Bearer (Ogre Monk)          Turns: 14313, Time: 00:17:39

Health: -9/107     AC:  3    Str: 17    XL:     10   Next: 65%
Magic:  10/13      EV: 12    Int: 11    God:    Okawaru [****..]
Gold:   196        SH:  0    Dex: 14    Spells: 5/9 levels left

rFire    . . .     SeeInvis .   z - +2 spear (venom)
rCold    + . .     Faith    .   (no shield)
rNeg     . . .     Spirit   .   L - +0 robe {rC+}
rPois    .         Reflect  .   (helmet restricted)
rElec    .         Harm     .   (no cloak)
rCorr    +         Rampage  .   (gloves unavailable)
Will     +....                  (boots unavailable)
Stlth    +.........             (no amulet)
HPRegen  0.27/turn              (no ring)
MPRegen  0.13/turn              v - ring of Yrhadwos {rCorr Slay+3}

@: confused, mighty
A: large, unfitting armour, tough skin 1
a: Renounce Religion, Heroism


You were on level 10 of the Dungeon.
You worshipped Okawaru.
Okawaru was greatly pleased with you.
You visited 2 branches of the dungeon, and saw 11 of its levels.
You also visited: Sewer.

You collected 621 gold pieces.
You spent 425 gold pieces at shops.

Inventory:

Hand Weapons
 a - a +0 spear
 m - a +0 trident
   (You found it on level 2 of the Dungeon)
 o - a +1 spear of flaming
   (You took it off Robin on level 3 of the Dungeon)
 p - a +5 vampiric short sword
   (You took it off Blork the orc on level 3 of the Dungeon)
 z - a +2 spear of venom (weapon)
   (You took it off a gnoll on level 5 of the Dungeon)
Missiles
 e - 7 large rocks (quivered)
 l - 17 poisoned darts
 E - 4 boomerangs of dispersal
 K - 4 datura-tipped darts
Armour
 J - the +0 plate armour of Pumnemm {rN+, unknown}
   (You found it on level 6 of the Dungeon)

   It protects you from negative energy.
 L - a +0 robe of cold resistance (worn)
   (You took it off an orc wizard on level 9 of the Dungeon)
Jewellery
 u - an uncursed ring of flight
   (You found it on level 4 of the Dungeon)
 v - the ring of Yrhadwos (right hand) {rCorr Slay+3}
   (You bought it in a shop on level 4 of the Dungeon)

   [ring of resist corrosion]

   It affects your accuracy and damage with ranged weapons and melee attacks
   (+3).
   It provides partial protection from all sources of acid and corrosion.
Wands
 y - a wand of polymorph (7)
   (You found it on level 4 of the Dungeon)
 F - a wand of paralysis (3)
   (You found it on level 6 of the Dungeon)
 G - a wand of mindburst (14)
   (You found it on level 7 of the Dungeon)
Scrolls
 d - 4 scrolls of fear {!r}
 j - 4 scrolls of immolation
 n - 6 scrolls of teleportation {@r3 !r}
 t - 3 scrolls of remove curse {@r2}
 w - 2 scrolls of fog {!r}
 H - a scroll of magic mapping {@r5 !r}
 I - a scroll of blinking {@r4}
Potions
 b - a potion of resistance {unknown}
 f - 2 potions of magic
 g - a potion of cancellation
 h - 4 potions of attraction
 k - 3 potions of mutation
 r - a potion of might {@q3 !q}
 s - 2 potions of brilliance
 A - a potion of haste {unknown}
 B - 3 potions of flight {unknown}
 C - a potion of berserk rage {unknown}
 D - 2 potions of lignification {unknown}


   Skills:
 + Level 9.2 Fighting
 + Level 10.7 Polearms
 + Level 6.9 Throwing
 - Level 4.0 Dodging
 - Level 3.0 Stealth
 - Level 5.0 Invocations


You had 5 spell levels left.
You knew the following spells:

 Your Spells              Type           Power        Failure   Level
b - Call Imp              Summ           0%           47%         2
Y - Blink                 Tloc           N/A          47%         2

Your spell library contained the following spells:

 Spells                   Type           Power        Failure   Level
 Magic Dart               Conj           0%           34%         1
 Summon Small Mammal      Summ           0%           34%         1
 Slow                     Hex            0%           47%         2
 Call Canine Familiar     Summ           0%           71%         3
 Conjure Flame            Conj/Fire      0%           71%         3
 Mephitic Cloud           Conj/Pois/Air  0%           71%         3
 Summon Guardian Golem    Hex/Summ       0%           71%         3
 Summon Ice Beast         Ice/Summ       0%           98%         4
 Summon Lightning Spire   Summ/Air       0%           98%         4


Dungeon Overview and Level Annotations

Branches:
Dungeon (10/15)            Temple (1/1) D:7            Lair (0/6) D:9
  Sewer (visited)
    Orc: D:9-12

Altars:
Ashenzari
Cheibriados
Dithmenos
Elyvilon
Fedhas
Gozag
Hepliaklqana
Kikubaaqudgha
Makhleb
Okawaru
Qazlal
Ru
Sif Muna
Uskayaw
Vehumet
Xom
Yredelemnul

Shops:
D:4 *   D:7 *   D:9 *


Innate Abilities, Weirdness & Mutations

You are too large for most types of armour.
You have tough skin. (AC +1)


Message History

The golden eye turns its gaze towards you.
The golden eye is unaffected.
The two-headed ogre shouts in stereo!
The golden eye blinks at you.
You are confused.
Really quaff
i - 5 potions of curing {@q1 !q}?
You feel better.
The golden eye blinks!
You gain the combat prowess of a mighty hero.
You can no longer speed up your combat.
Okawaru will no longer gift you equipment.
The golden eye blinks at you.
You easily resist.
The golden eye blinks at you. You resist with some effort.
The golden eye blinks at you.
You are confused.
The eye of draining gazes at you.
You feel your power leaking away.
Really quaff
i - 4 potions of curing {@q1 !q}?
You feel better.
The two-headed ogre hits you with a +0 giant spiked club!!
The two-headed ogre barely misses you. The golden eye blinks at you.
You are confused.
You're too confused to move!
The eye of draining gazes at you.
You feel your power leaking away. The golden eye blinks at you.
You are more confused.
The two-headed ogre completely misses you.
The two-headed ogre hits you with a +0 dire flail!
Really quaff
i - 3 potions of curing {@q1 !q}?
You feel better.
The golden eye blinks!
The two-headed ogre hits you with a +0 giant spiked club!
The two-headed ogre misses you. The eye of draining gazes at you.
You feel your power leaking away. The golden eye blinks at you.
You are confused.
Really quaff
i - 2 potions of curing {@q1 !q}?
You feel better. The golden eye blinks at you.
You are confused.
The two-headed ogre hits you with a +0 giant spiked club!!
The two-headed ogre hits you with a +0 dire flail.
The golden eye blinks at you.
You are more confused.
The eye of draining gazes at you.
You hit the two-headed ogre.
The two-headed ogre is poisoned.
The two-headed ogre is lightly wounded.
Really quaff
i - a potion of curing {@q1 !q}?
You feel better. The two-headed ogre closely misses you.
The two-headed ogre hits you with a +0 dire flail!!
* * * LOW HITPOINT WARNING * * *
The golden eye blinks at you.
You are confused.
You are too confused!
Unknown command.
You bump into the rock wall.
The golden eye blinks at you. You resist with some effort.
The two-headed ogre hits you with a +0 giant spiked club!!
* * * LOW HITPOINT WARNING * * *
The two-headed ogre hits you with a +0 dire flail.
* * * LOW HITPOINT WARNING * * *
You are too confused!
Unknown command.
Really quaff
q - 2 potions of heal wounds {@q2 !q}?
You feel much better. The eye of draining gazes at you.
Really quaff
q - a potion of heal wounds {@q2 !q}?
You feel much better.
You feel like a meek peon again. The two-headed ogre closely misses you.
The two-headed ogre misses you.
Okay, then.
You are too confused!
Unknown command.
You are too confused!
Okay, then.
It was a potion of might.
You feel very mighty all of a sudden.
The two-headed ogre hits you with a +0 giant spiked club!!
The two-headed ogre hits you with a +0 dire flail.
* * * LOW HITPOINT WARNING * * *
The golden eye blinks!
The eye of draining gazes at you.
You feel your power leaking away.
You are more confused.
You feel invigorated.
The golden eye blinks!
The two-headed ogre hits you with a +0 giant spiked club!
* * * LOW HITPOINT WARNING * * *
The two-headed ogre hits you with a +0 dire flail!!
* * * LOW HITPOINT WARNING * * *
You puncture the two-headed ogre!
The two-headed ogre looks as sick as possible!
The two-headed ogre is moderately wounded.
The golden eye changes into a naga!
You bump into the rock wall.
The two-headed ogre hits you with a +0 giant spiked club!!
You die...

.))..# ###..#.#######'##..#
##)### ##...##..[.........#
##.##### #..#############'####
.......# ###)#########..........
......^####.....#...#.+..........
.......'.##.###.#.#.#.#..........
.......#......#.#.#.#.#..........
.......######.#.#<#...#..........
.......# #.....@N#.###..........
##+##### ######O#### #########'#
#G# #.# #.# .. ##.# #..# #.## #'#
...


You could see a two-headed ogre (extremely poisoned), an eye of draining and a
naga shaped shifter.

Vanquished Creatures
  2 trolls (D:10)
  Sigmund (D:2)
  2 wyverns
  Grum (D:10)
  A hornet zombie (D:7)
  5 orc warriors
  A sky beast (D:5)
  A black bear (D:7)
  5 ice beasts
  5 ogres
  3 centaurs
  A phantom (D:9)
  3 wolves (D:10)
  6 big kobolds (Sewer)
  Blork the orc (D:3)
  A gnoll sergeant (D:9)
  2 bullfrogs (D:7)
  An electric eel (D:6)
  4 howler monkeys
  A centaur zombie (D:7)
  2 jellies
  4 orc priests
  A bullfrog skeleton (D:6)
  4 hounds
  8 orc wizards
  6 worker ants
  A killer bee zombie (D:7)
  A hound skeleton (D:6)
  A worker ant zombie (D:9)
  Robin (D:3)
  11 gnolls
  15 adders
  3 river rats
  3 shadow imps
  A white imp (D:8)
  3 ufetubi
  9 oozes
  An adder zombie (D:5)
  An adder skeleton (D:4)
  3 worms
  6 leopard geckos
  31 orcs
  10 giant cockroaches
  16 goblins
  7 hobgoblins
  16 jackals
  8 quokkas
  5 ball pythons
  11 bats
  7 frilled lizards
  A jackal zombie (D:5)
  17 kobolds
  A leopard gecko skeleton (D:7)
  6 rats
268 creatures vanquished.

Vanquished Creatures (others)
  An ooze (D:3)
  A dart slug (D:3)
  2 orcs (D:3)
4 creatures vanquished.

Grand Total: 272 creatures vanquished

Notes
Turn   | Place    | Note
-------+----------+-------------------------------------------
     0 | D:1      | EnegeticOcto the Ogre Monk began the quest for the Orb.
     0 | D:1      | Reached XP level 1. HP: 24/24 MP: 1/1
   148 | D:1      | Reached skill level 2 in Stealth
   178 | D:1      | Reached XP level 2. HP: 32/32 MP: 2/2
   398 | D:1      | Reached XP level 3. HP: 36/39 MP: 3/3
   877 | D:2      | Reached skill level 3 in Stealth
  1435 | D:2      | Reached XP level 4. HP: 48/48 MP: 4/4
  1520 | D:2      | Noticed Sigmund
  1524 | D:2      | Killed Sigmund
  1525 | D:2      | Reached skill level 4 in Polearms
  1525 | D:2      | Reached skill level 6 in Fighting
  1525 | D:2      | Reached XP level 5. HP: 61/61 MP: 5/5
  1525 | D:2      | Reached XP level 6. HP: 68/68 MP: 6/6
  2320 | D:3      | Noticed Robin
  2324 | D:3      | Killed Robin
  2497 | D:3      | Reached skill level 7 in Fighting
  3156 | D:3      | Found a radiant altar of Vehumet.
  3182 | D:3      | Learned a level 2 spell: Blink
  3185 | D:3      | Learned a level 2 spell: Call Imp
  3421 | D:3      | Noticed Blork the orc
  3513 | D:3      | Killed Blork the orc
  3516 | D:3      | Found a shimmering blue altar of Sif Muna.
  4555 | D:4      | Reached XP level 7. HP: 78/78 MP: 7/7
  4581 | D:4      | Found an iron altar of Okawaru.
  4584 | D:4      | Became a worshipper of Warmaster Okawaru
  4584 | D:4      | Reached * piety under Okawaru
  4584 | D:4      | Reached ** piety under Okawaru
  4733 | D:4      | Found Ywkaudgh's Assorted Antiques.
  4749 | D:4      | Bought a wavering amber ring for 130 gold pieces
  4749 | D:4      | Bought a scroll labelled GUEXIE TINT for 26 gold pieces
  4749 | D:4      | Bought a scroll labelled QALYCHINIC for 26 gold pieces
  4749 | D:4      | Bought a scroll labelled TERHICZE WUNA for 26 gold pieces
  4749 | D:4      | Identified the ring of Yrhadwos {rCorr Slay+3} (You bought
                  | it in a shop on level 4 of the Dungeon)
  4789 | D:4      | Reached skill level 5 in Polearms
  4960 | D:4      | Reached skill level 1 in Invocations
  4973 | D:4      | Reached skill level 1 in Throwing
  4990 | D:4      | Found a glowing drain.
  4994 | Sewer    | Entered a sewer
  5065 | Sewer    | Reached skill level 8 in Fighting
  5207 | Sewer    | Reached skill level 2 in Invocations
  5508 | Sewer    | Reached skill level 2 in Throwing
  5549 | Sewer    | Reached XP level 8. HP: 88/88 MP: 9/9
  5882 | Sewer    | Reached skill level 3 in Invocations
  5932 | Sewer    | Reached skill level 3 in Throwing
  6009 | Sewer    | Reached skill level 6 in Polearms
  6440 | D:5      | Entered Level 5 of the Dungeon
  6450 | D:5      | Reached *** piety under Okawaru
  6581 | D:5      | Reached skill level 4 in Invocations
  7000 | D:5      | Reached skill level 4 in Throwing
  7683 | D:5      | Reached skill level 5 in Invocations
  7683 | D:5      | Reached XP level 9. HP: 77/96 MP: 12/12
  7801 | D:5      | Found an ancient bone altar of Kikubaaqudgha.
  7816 | D:5      | Received a gift from Okawaru
  7817 | D:5      | Reached skill level 7 in Polearms
  8145 | D:6      | Reached skill level 5 in Throwing
  8349 | D:6      | Found a snail-covered altar of Cheibriados.
  8482 | D:6      | Found a broken altar of Ashenzari.
  8502 | D:6      | Found a white marble altar of Elyvilon.
  9002 | D:6      | Found a hide-covered altar of Uskayaw.
  9126 | D:7      | Reached skill level 8 in Polearms
  9126 | D:7      | Reached skill level 6 in Throwing
  9175 | D:7      | Found Esanurya's Assorted Antiques.
  9229 | D:7      | Found a staircase to the Ecumenical Temple.
  9286 | D:6      | Noticed a rust devil
  9286 | D:6      | Noticed a rust devil
  9631 | D:7      | HP: 2/96 [hornet zombie (12)]
 10037 | D:7      | Reached skill level 9 in Polearms
 10515 | D:7      | Reached **** piety under Okawaru
 10635 | D:7      | Bought a scroll of blinking for 217 gold pieces
 10689 | Temple   | Entered the Ecumenical Temple
 10970 | D:6      | Got a distressingly furry plate armour
 11155 | D:8      | Reached skill level 10 in Polearms
 11155 | D:8      | Reached XP level 10. HP: 104/104 MP: 13/13
 11755 | D:9      | Reached skill level 3 in Dodging
 11982 | D:9      | Found a staircase to the Lair.
 12678 | D:9      | Found Foymiuc's Mayhem Merchandise.
 12930 | D:9      | Reached ***** piety under Okawaru
 13459 | D:10     | Entered Level 10 of the Dungeon
 13776 | D:10     | Noticed Grum
 13783 | D:10     | Killed Grum
 13789 | D:10     | Reached skill level 9 in Fighting
 13796 | D:10     | Reached skill level 4 in Dodging
 14291 | D:10     | Noticed a two-headed ogre
 14311 | D:10     | HP: 4/107 [two-headed ogre/+0 giant spiked club (19)]
 14313 | D:10     | Mangled by a two-headed ogre

Illustrated notes

Levels and vault maps discovered:
D:1:      lightli_arrival_statuegarden, layout_loops_ring
D:2:      layout_basic, uniq_sigmund
D:3:      layout_basic, tgw_sif, fiery_altar_vehumet, uniq_robin
D:4:      layout_basic, kennysheep_mini_moat, serial_shops,
          nicolae_shop_overgrown_old_shop, gup_sewer_entry_spiral
D:5:      minmay_spotlight, layout_basic, old_standard_altar
D:6:      cheibrodos_iron_armory, layout_rooms, nicolae_overflow_hidden_temple,
          ashenzari_altar_1, kennysheep_little_box, basic_altar,
          nrook_pool_corridor
D:7:      layout_loops_ring, minmay_temple_entry_fiery, serial_shops,
          nicolae_shop_overgrown_old_shop
D:8:      layout_rooms
D:9:      layout_basic, lair_entry_dummy, minmay_shop_mayhem
D:10:     layout_roguey, minmay_hedge_maze, minivault_25, uniq_grum,
          uniq_nergalle
Temple:   regret_index_temple_waves

Skill      XL: |  1  2  3  4  5  6  7  8  9 10 |
---------------+-------------------------------+-----
Stealth        | 2 3 |  3.0
Polearms       | 4 5 6 10 | 10.7
Fighting       | 6 7 8 9 |  9.2
Invocations    | 2 5 |  5.0
Throwing       | 2 4 6 |  6.9
Dodging        | 4 |  4.0

Action                   |  1- 3 |  4- 6 |  7- 9 | 10-12 || total
-------------------------+-------+-------+-------+-------++-------
Melee: Spear             |   126 |   122 |   527 |   207 ||   982
       Trident           |       |    57 |    17 |       ||    74
       Punch             |       |       |     2 |       ||     2
Throw: Large rock        |     4 |     4 |     3 |     4 ||    15
       Dart              |       |    22 |     3 |       ||    25
 Cast: Blink             |       |    24 |     4 |       ||    28
Invok: Heroism           |       |       |     4 |     2 ||     6
Evoke: Wand              |       |       |     1 |     1 ||     2
  Use: Scroll            |     2 |     4 |    10 |     3 ||    19
       Potion            |       |       |     1 |     9 ||    10
 Stab: Sleeping          |     7 |     5 |    15 |     5 ||    32
       Distracted        |     1 |     3 |       |       ||     4
Armor: Robe              |    24 |    24 |    57 |    10 ||   115
Dodge: Dodged            |    45 |    68 |   168 |    54 ||   335

Table legend: (Time is in decaauts)
 A = Elapsed time spent in this place.
 B = Non-inter-level travel time spent in this place.
 C = Inter-level travel time spent in this place.
 D = Time resting spent in this place.
 E = Time spent auto-exploring this place.
 F = Levels seen in this place.
 G = Mean time per level.
                   A        B        C        D        E       F      G
               +--------+--------+--------+--------+--------+-----+--------+
         Total |  14267 |  13894 |    373 |   1459 |  10234 |  12 | 1188.9 |
       Dungeon |  12937 |  12564 |    373 |   1459 |   9210 |  10 | 1293.7 |
        Temple |     52 |     52 |      0 |      0 |      0 |   1 |   52.0 |
         Sewer |   1277 |   1277 |      0 |      0 |   1023 |   1 | 1277.0 |
               +--------+--------+--------+--------+--------+-----+--------+

Top non-repeatable levels by time:
     D:3: 2152 daAuts
     D:7: 1814 daAuts
     D:9: 1678 daAuts
     D:5: 1660 daAuts
     D:2: 1497 daAuts
   Sewer: 1277 daAuts
     D:6: 950 daAuts
     D:1: 864 daAuts
    D:10: 822 daAuts
     D:4: 791 daAuts
     D:8: 706 daAuts
  Temple: 52 daAuts
